 Dungeon Crawl Stone Soup version 0.25-a0-663-gace7076 (webtiles) character file.

Game seed: 13945790738322672555, levelgen mode: deterministic

912 MrTaco21 the Basher (level 8, -2/46 HPs)
             Began as a Gargoyle Fighter on Mar 24, 2020.
             Slain by an iguana (9 damage)
             ... on level 5 of the Dungeon.
             The game lasted 00:06:20 (4273 turns).

MrTaco21 the Basher (Gargoyle Fighter)              Turns: 4273, Time: 00:06:20

Health: -2/46      AC: 11    Str: 26    XL:     8   Next: 9%
Magic:  8/8        EV:  8    Int:  9    God:
Gold:   174        SH:  9    Dex:  9    Spells: 7/7 levels left

rFire    . . .     SeeInvis .   a - +0 flail
rCold    . . .     Gourm    .   c - +0 kite shield
rNeg     + . .     Faith    +   h - +0 ring mail (curse)
rPois    ∞         Spirit   .   (no helmet)
rElec    +         Reflect  .   (no cloak)
rCorr    .         Harm     .   (no gloves)
MR       .....                  (no boots)
Stlth    ..........             x - amulet of faith {!P}
HPRegen  0.15/turn              n - ring of flight
MPRegen  0.11/turn              v - +4 ring of strength

@: no status effects
A: negative energy resistance 1, electricity resistance, unbreathing,
petrification resistance, rot immunity, AC +5
a: Evoke Flight


You were on level 5 of the Dungeon.
You were not hungry.

You visited 1 branch of the dungeon, and saw 5 of its levels.

You collected 174 gold pieces.

Inventory:

Hand Weapons
 a - a +0 flail (weapon)
Missiles
 t - 13 poisoned darts (quivered)
Armour
 b - a +0 scale mail
 c - a +0 kite shield (worn)
 h - a cursed +0 ring mail (worn)
   (You found it on level 1 of the Dungeon)
Jewellery
 n - a ring of flight (left hand)
   (You found it on level 2 of the Dungeon)
 v - a +4 ring of strength (right hand)
   (You found it on level 3 of the Dungeon)
 x - an amulet of faith (around neck) {!P}
   (You found it on level 3 of the Dungeon)
Wands
 d - a wand of iceblast (9)
   (You took it off Ijyb on level 4 of the Dungeon)
 u - a wand of polymorph (5)
   (You found it on level 3 of the Dungeon)
Scrolls
 g - 2 scrolls of identify {unknown}
 i - 5 scrolls of teleportation {unknown}
 j - 2 scrolls of noise {unknown}
 l - 3 scrolls of remove curse {unknown}
 o - 2 scrolls of enchant armour {unknown}
 s - a scroll of magic mapping {unknown}
 w - a scroll of blinking {unknown}
 z - a scroll of fog {unknown}
 B - a scroll of fear {unknown}
Potions
 f - a potion of flight {unknown}
 k - 2 potions of cancellation {unknown}
 m - 2 potions of haste {unknown}
 p - a potion of lignification {unknown}
 q - a potion of brilliance {unknown}
 r - a potion of degeneration {unknown}
 y - 4 potions of might
 C - a potion of ambrosia {unknown}
 D - a potion of heal wounds {unknown}
Comestibles
 e - 8 rations {!d}
 A - 9 chunks of flesh


   Skills:
 - Level 3.2 Fighting
 + Level 9.2 Maces & Flails
 - Level 3.2 Armour
 - Level 3.2 Shields


You had 7 spell levels left.
You didn't know any spells.
Your spell library was empty.

Dungeon Overview and Level Annotations

Branches:
Dungeon (5/15)
 Temple: D:4-7

Altars:
Gozag
Wu Jian

Portals:
Sewer: D:5

Annotations:
D:4 Sigmund


Innate Abilities, Weirdness & Mutations

You are resistant to torment.
Your stone body is resilient. (AC +5)
You are immune to poison.
You resist negative energy. (rN+)
You are resistant to electric shocks. (rElec)
You can survive without breathing.
You are immune to petrification.
You are immune to rotting.


Message History

You thump the ogre! The ogre barely misses you.
You sock the ogre! You block the ogre's attack.
You hit the ogre.
You hear the brisk rusting of a drain nearby.
The centaur shoots an arrow.
You block the arrow. The river rat barely misses you.
You block the ogre's attack.
You sock the ogre!
You kill the ogre!
Your Maces & Flails skill increases to level 9!
The centaur shoots an arrow.
The arrow hits you.
The river rat bites you but does no damage.
The iguana hisses menacingly.
You barely miss the river rat.
The centaur shoots an arrow.
You block the arrow. You block the river rat's attack.
The giant cockroach bites you. The worm closely misses you.
You closely miss the river rat.
The centaur shoots an arrow.
The arrow hits you but does no damage. The giant cockroach closely misses you.
The river rat bites you but does no damage.
The centaur shoots an arrow.
You block the arrow. The worm barely misses you.
You closely miss the river rat. You block the giant cockroach's attack.
You block the river rat's attack.
The centaur shoots an arrow.
The arrow closely misses you.
The giant cockroach bites you but does no damage.
You hit the river rat but do no damage. The river rat barely misses you.
You block the giant cockroach's attack. You block the worm's attack.
The centaur shoots an arrow.
The arrow hits you.
The river rat bites you but does no damage.
You hit the iguana but do no damage. The giant cockroach barely misses you.
The centaur shoots an arrow.
The arrow hits you! The iguana bites you.
* * * LOW HITPOINT WARNING * * *
You block the river rat's attack. The giant cockroach closely misses you.
You block the worm's attack.
The centaur shoots an arrow.
The arrow completely misses you.
The arrow hits the iguana!
The centaur shoots an arrow.
You block the arrow.
You see here an arrow.
The centaur shoots an arrow.
The arrow hits you but does no damage.
You see here an arrow.
You thump the centaur!
The centaur unwields a +0 shortbow.
The centaur barely misses you. The iguana bites you!
* * * LOW HITPOINT WARNING * * *
The centaur hits you but does no damage.
The river rat bites you.
* * * LOW HITPOINT WARNING * * *
You sock the centaur!
You kill the centaur!
You have reached level 8!
You feel clever.
The iguana hisses menacingly.
The iguana bites you!
You die...

.#......≈≈≈....# ................
#..(...........
####.................#
......().$............#
.......(.....[.........# ...
......>.(.w............# ..
##......slr............#.# .#
###.....##@..#.........#.# .
....#....##)......<....#.## #
##.#..#.#...##..(...........# #
##..#....##..................#
####..##..####.....#..(.........#
..........#............(.........
#####.##.....#######............)
...........### ##........c...
..##.....### ##...........


You could see a worm, an iguana, a river rat and a giant cockroach.

Vanquished Creatures
  An ice beast (D:5)
  A necrophage (D:5)
  An ogre (D:5)
  A phantom (D:4)
  A centaur (D:5)
  Blork the orc (D:3)
  A hound (D:4)
  2 orc wizards
  A centaur skeleton (D:2)
  2 iguanas (D:4)
  Ijyb (D:4)
  8 gnolls
  6 adders
  An ooze (D:4)
  An adder skeleton (D:4)
  3 worms
  2 dart slugs (D:1)
  5 leopard geckos
  10 orcs
  6 bats
  5 giant cockroaches
  6 goblins
  3 hobgoblins
  3 jackals (D:1)
  3 quokkas
  2 ball pythons
  3 frilled lizards
  5 kobolds
  A quokka zombie (D:4)
  6 rats
92 creatures vanquished.

Notes
Turn   | Place    | Note
-------+----------+-------------------------------------------
     0 | D:1      | MrTaco21 the Gargoyle Fighter began the quest for the Orb.
     0 | D:1      | Reached XP level 1. HP: 14/14 MP: 1/1
    96 | D:1      | Reached XP level 2. HP: 17/19 MP: 2/2
   240 | D:1      | Reached skill level 3 in Maces & Flails
   480 | D:2      | Reached XP level 3. HP: 14/23 MP: 3/3
   630 | D:2      | Found an opulent altar of Gozag.
   690 | D:2      | Reached skill level 4 in Maces & Flails
   690 | D:2      | Reached XP level 4. HP: 20/28 MP: 4/4
  1051 | D:3      | You fall into a shaft and drop 1 floor!
  1064 | D:4      | Reached skill level 5 in Maces & Flails
  1064 | D:4      | Reached XP level 5. HP: 21/32 MP: 5/5
  1433 | D:4      | Noticed Sigmund
  1799 | D:3      | Reached skill level 6 in Maces & Flails
  1808 | D:3      | Reached XP level 6. HP: 25/37 MP: 6/6
  2315 | D:3      | Found an ornate altar of the Wu Jian Council.
  2398 | D:4      | Noticed Blork the orc
  2410 | D:4      | Noticed a phantom
  2414 | D:3      | Killed Blork the orc
  2682 | D:4      | Noticed Ijyb
  2703 | D:4      | Killed Ijyb
  3268 | D:4      | Killed a phantom
  3268 | D:4      | Reached skill level 7 in Maces & Flails
  3268 | D:4      | Reached XP level 7. HP: 36/41 MP: 7/7
  3964 | D:5      | Entered Level 5 of the Dungeon
  3973 | D:5      | Reached skill level 8 in Maces & Flails
  4258 | D:5      | Found a glowing drain.
  4263 | D:5      | Reached skill level 9 in Maces & Flails
  4273 | D:5      | Reached XP level 8. HP: 7/46 MP: 8/8
  4273 | D:5      | Slain by an iguana

Levels and vault maps discovered:
D:1:      dpeg_arrival_rooms_c, layout_rooms
D:2:      layout_rooms, grunt_gozag_statues, minmay_tall_x
D:3:      layout_loops_cross, nicolae_overflow_crystal_walls
D:4:      layout_layer_cave, first_ration, uniq_sigmund, uniq_ijyb,
          uniq_blork_the_orc
D:5:      layout_rooms, portal_sewer_entry_a

Skill      XL: |  1  2  3  4  5  6  7 |
---------------+----------------------+-----
Maces & Flails | 3 4 5 6 7 9 |  9.2
Fighting       | |  3.2
Armour         | |  3.2
Shields        | |  3.2

Action                   |  1- 3 |  4- 6 |  7- 9 || total
-------------------------+-------+-------+-------++-------
Melee: Flail             |   106 |   249 |    93 ||   448
  Eat: Chunk             |       |     5 |     3 ||     8
       Ration            |       |     1 |       ||     1
Armor: Scale mail        |    37 |       |       ||    37
       Ring mail         |    28 |   114 |    35 ||   177
Dodge: Dodged            |    37 |    85 |    38 ||   160
Block: Kite shield       |    61 |   164 |    53 ||   278

Table legend:
 A = Non-vault XP
 B = Vault XP
 C = Vault XP percentage of total XP
 D = Non-vault monster count
 E = Vault monster count
 F = Vault count percentage of total count
                 A         B        C        D         E       F
            +---------+---------+-------+---------+---------+-------
      Total |    1165 |     139 |  10.7 |      85 |       7 |   7.6
            +---------+---------+-------+---------+---------+-------
        D:1 |      26 |       0 |   0.0 |      14 |       0 |   0.0
        D:2 |      87 |      10 |  10.3 |      21 |       4 |  16.0
        D:3 |     105 |      91 |  46.4 |      20 |       1 |   4.8
        D:4 |     408 |      36 |   8.1 |      21 |       1 |   4.5
        D:5 |     539 |       2 |   0.4 |       9 |       1 |  10.0
            +---------+---------+-------+---------+---------+-------
